 Dungeon Crawl Stone Soup version 0.29-a0-700-g2f1814c7b2 (webtiles) character file.

Game seed: 6698806865964724229

563221 marklar909 the Slayer (level 24, -1/203 HPs)
             Began as a Palentonga Fighter on June 25, 2022.
             Was the Champion of Makhleb.
             Splashed by an acid blob's acid (4 damage)
             ... created by the Royal Jelly
             ... on level 4 of the Pits of Slime on June 26, 2022.
             The game lasted 03:47:51 (80067 turns).

marklar909 the Slayer (Palentonga Fighter)         Turns: 80067, Time: 03:47:52

Health: -1/203     AC: 24    Str: 28    XL:     24   Next: 84%
Magic:  34/34      EV:  7    Int: 17    God:    Makhleb [******]
Gold:   2308       SH: 19    Dex:  7    Spells: 6/31 levels left

rFire   + + .      SeeInvis +   V - +8 broad axe of the Ghost {spect, Will+ rCorr}
rCold   + + .      Faith    .   H - +2 tower shield
rNeg    + + +      Spirit   .   s - +2 scale mail "Bialao" {Fly rF+++ Str+5 Dex-4}
rPois   +          Reflect  .   K - +2 hood of the Assassin {Detection Stab+ Stlth++}
rElec   +          Harm     .   a - scarf {repulsion}
rCorr   +          Rampage  .   G - +3 pair of gauntlets of War {Slay+5}
Will    +++++      Clarity  +   o - +4 barding of Conscience {rElec rPois Will+}
Stlth   +++.......              Q - amulet of Qekhuedgh {rPois rC+ Will+ Regen+ rCorr}
HPRegen 1.23/turn               Z - ring "Ovoxej" {rPois rF- rN+++ Int+6 Dex-5}
MPRegen 0.24/turn               b - ring of protection from cold

@: corroded, flying, studying 2 skills, repel missiles, curled up
A: large, rugged brown scales 3, see invisible, deformed body, roll 1, armoured
tail, reflexive curl, beak, clarity, frail 1, strong-willed 1
}: 4/15 runes: decaying, silver, abyssal, gossamer
a: Rolling Charge, Renounce Religion, Minor Destruction, Lesser Servant of
Makhleb, Major Destruction, Greater Servant of Makhleb


You were on level 4 of the Pits of Slime.
You worshipped Makhleb.
Makhleb was exalted by your worship.
You visited 11 branches of the dungeon, and saw 52 of its levels.
You visited the Abyss 3 times.

You collected 7304 gold pieces.
You spent 4996 gold pieces at shops.

Inventory:

Hand Weapons
 T - the +14 obsidian axe {vorpal, Mesm Drain Fly SInv}
   (You found it on level 3 of the Depths)

   It inflicts extra damage upon your enemies.
   It occasionally summons demons to assist the wielder when it strikes in
   combat.
   Its wielder is mesmerised by any visible foes.
   It cannot be unequipped while any foes are visible.
   SInv:      It lets you see invisible.
   Fly:       It grants you flight.
   Drain:     It drains your maximum health when unequipped.
 V - the +8 broad axe of the Ghost (weapon) {spect, Will+ rCorr}
   (You found it on level 3 of the Depths)

   When its wielder attacks, the weapon's spirit leaps out and strikes again.
   The spirit shares a part of any damage it takes with its wielder.
   rCorr:     It protects you from acid and corrosion.
   Will:      It increases your willpower.
Armour
 a - a scarf of repulsion (worn)
 o - the +4 barding of Conscience (worn) {rElec rPois Will+}
   (You acquired it on level 4 of the Dungeon)

   rElec:     It insulates you from electricity.
   rPois:     It protects you from poison.
   Will:      It increases your willpower.
 s - the +2 scale mail "Bialao" (worn) {Fly rF+++ Str+5 Dex-4}
   (You found it on level 3 of the Crypt)

   Str:       It affects your strength (+5).
   Dex:       It affects your dexterity (-4).
   rF:        It renders you almost immune to fire.
   Fly:       It grants you flight.
 G - the +3 pair of gauntlets of War (worn) {Slay+5}
   (You found it on level 5 of the Vaults)

   Slay:      It affects your accuracy & damage with ranged weapons and melee
   (+5).
 H - a +2 tower shield (worn)
 K - the +2 hood of the Assassin (worn) {Detection Stab+ Stlth++}
   (You found it on level 3 of the Elven Halls)

   It allows the wearer to sense nearby creatures.
   It allows the wearer to make particularly effective stabbing attacks against
   helpless or unaware enemies with any weapon.
   Stlth:     It makes you much more stealthy.
Jewellery
 b - a ring of protection from cold (right hand)
 c - a ring of willpower
 v - the ring "Iroshrae" {rF+ rCorr Int+6}
   (You bought it in a shop on level 2 of the Orcish Mines)

   [ring of resist corrosion]

   Int:       It affects your intelligence (+6).
   rF:        It protects you from fire.
   rCorr:     It protects you from acid and corrosion.
 Q - the amulet of Qekhuedgh (around neck) {rPois rC+ Will+ Regen+ rCorr}
   (You bought it in a shop on level 4 of the Depths)

   [amulet of regeneration]

   rC:        It protects you from cold.
   rPois:     It protects you from poison.
   Regen:     It increases your rate of health regeneration.
   rCorr:     It protects you from acid and corrosion.
   Will:      It increases your willpower.
 Z - the ring "Ovoxej" (left hand) {rPois rF- rN+++ Int+6 Dex-5}
   (You found it on level 5 of the Vaults)

   [ring of intelligence]

   Int:       It affects your intelligence (+6).
   Dex:       It affects your dexterity (-5).
   rF:        It makes you vulnerable to fire.
   rPois:     It protects you from poison.
   rN:        It renders you almost immune to negative energy.
Wands
 h - a wand of mindburst (42)
 l - a wand of iceblast (35)
 J - a wand of acid (2)
 S - a wand of digging (14)
Scrolls
 g - 10 scrolls of magic mapping
 m - a scroll of amnesia
 p - 7 scrolls of immolation
 t - 4 scrolls of blinking
 y - 9 scrolls of fear
 P - 3 scrolls of silence
 W - 6 scrolls of fog
 X - 9 scrolls of teleportation
Potions
 d - 5 potions of might
 i - 4 potions of invisibility
 j - 23 potions of curing
 k - 8 potions of cancellation
 n - 3 potions of magic
 r - 12 potions of mutation
 u - 2 potions of heal wounds
 w - 16 potions of brilliance
 x - 9 potions of flight
 z - 7 potions of lignification
 A - 4 potions of resistance
 B - 6 potions of haste
 E - 5 potions of ambrosia
 N - 2 potions of berserk rage
Miscellaneous
 U - a phantom mirror (inert)


   Skills:
 + Level 21.9 Fighting
 + Level 20.5 Axes
 * Level 14.4 Armour
 + Level 9.2 Dodging
 + Level 4.8 Stealth
 + Level 16.3 Shields
 + Level 4.2 Spellcasting
 * Level 13.6 Necromancy
 * Level 16.7 Translocations
 + Level 15.8 Invocations
 + Level 1.1 Evocations


You had 6 spell levels left.
You knew the following spells:

 Your Spells              Type           Power      Damage    Failure   Level
a - Blink                 Tloc           100%       N/A       1%          2
b - Manifold Assault      Tloc           57%        N/A       1%          5
c - Dispel Undead         Necr           50%        3d19      2%          4
d - Death Channel         Necr           25%        N/A       34%         6
e - Infestation           Necr           25%        N/A       100%        8

Your spell library contained the following spells:

 Spells                   Type           Power      Damage    Failure   Level
 Apportation              Tloc           100%       N/A       1%          1
 Necrotize                Necr           100%       1d9       1%          1
 Sublimation of Blood     Necr           50%        N/A       1%          2
 Gell's Gravitas          Tloc           57%        N/A       1%          3
 Lesser Beckoning         Tloc           57%        N/A       1%          3
 Teleport Other           Tloc           57%        N/A       1%          3
 Vampiric Draining        Necr           50%        2d9       1%          3
 Animate Dead             Necr           50%        N/A       2%          4
 Portal Projectile        Hex/Tloc       64%        N/A       6%          3
 Agony                    Necr           50%        N/A       6%          5
 Iskenderun's Mystic Bla  Conj/Tloc      32%        2d8       21%         4
 Summon Forest            Summ/Tloc      16%        N/A       50%         5
 Beastly Appendage        Tmut           6%         N/A       54%         1
 Foxfire                  Conj/Fire      12%        2x1d4     54%         1
 Freeze                   Ice            12%        1d4       54%         1
 Magic Dart               Conj           12%        1d3       54%         1
 Slow                     Hex            12%        N/A       54%         1
 Summon Small Mammal      Summ           12%        N/A       54%         1
 Call Imp                 Summ           3%         N/A       69%         2
 Poisonous Vapours        Pois/Air       6%         N/A       69%         2
 Scorch                   Fire           6%         2d5       69%         2
 Searing Ray              Conj           6%         2d4       69%         2
 Static Discharge         Conj/Air       3%         N/A       69%         2
 Wereblood                Tmut           3%         N/A       69%         2
 Corpse Rot               Necr/Pois/Air  19%        N/A       69%         4
 Borgnjor's Vile Clutch   Necr/Erth      13%        N/A       73%         5
 Call Canine Familiar     Summ           3%         N/A       89%         3
 Confusing Touch          Hex            3%         N/A       89%         3
 Conjure Flame            Conj/Fire      3%         6-21      89%         3
 Frozen Ramparts          Ice            6%         1d2       89%         3
 Ignite Poison            Fire/Tmut/Pois 3%         N/A       89%         3
 Mephitic Cloud           Conj/Pois/Air  3%         N/A       89%         3
 Ozocubu's Armour         Ice            3%         N/A       89%         3
 Spider Form              Tmut/Pois      3%         N/A       89%         3
 Stone Arrow              Conj/Erth      6%         3d7       89%         3
 Summon Guardian Golem    Hex/Summ       3%         N/A       89%         3
 Airstrike                Air            1%         N/A       100%        4
 Animate Armour           Summ/Erth      6%         N/A       100%        4
 Flame Wave               Conj/Fire      3%         2d4       100%        4
 Fulminant Prism          Conj/Hex       1%         3d6       100%        4
 Hailstorm                Conj/Ice       3%         3d3       100%        4
 Ice Form                 Ice/Tmut       3%         N/A       100%        4
 Leda's Liquefaction      Hex/Erth       1%         N/A       100%        4
 Petrify                  Tmut/Erth      3%         N/A       100%        4
 Sticky Flame             Conj/Fire      3%         2d3       100%        4
 Summon Lightning Spire   Summ/Air       3%         N/A       100%        4
 Alistair's Intoxication  Tmut/Pois      2%         N/A       100%        5
 Blade Hands              Tmut           1%         N/A       100%        5
 Fireball                 Conj/Fire      1%         3d3       100%        5
 Freezing Cloud           Conj/Ice/Air   1%         6-21      100%        5
 Irradiate                Conj/Tmut      1%         3d13      100%        5
 Lee's Rapid Deconstruct  Erth           1%         3d5*      100%        5
 Lightning Bolt           Conj/Air       1%         1d12      100%        5
 Metabolic Englaciation   Hex/Ice        1%         N/A       100%        5
 Summon Mana Viper        Hex/Summ       3%         N/A       100%        5
 Iron Shot                Conj/Erth      1%         9d1       100%        6
 Starburst                Conj/Fire      1%         6d3       100%        6
 Statue Form              Tmut/Erth      2%         N/A       100%        6
 Summon Cactus Giant      Summ           1%         N/A       100%        6
 Dragon Form              Tmut           1%         N/A       100%        7
 Haunt                    Necr/Summ      13%        N/A       100%        7
 Malign Gateway           Summ/Tloc      16%        N/A       100%        7
 Monstrous Menagerie      Summ           1%         N/A       100%        7
 Orb of Destruction       Conj           1%         9d5       100%        7
 Ozocubu's Refrigeration  Ice            1%         4d5       100%        7
 Spellforged Servitor     Conj/Summ      1%         N/A       100%        7
 Storm Form               Tmut/Air       1%         N/A       100%        7
 Summon Hydra             Summ           1%         N/A       100%        7
 Ignition                 Fire           1%         3d3       100%        8
 Lehudib's Crystal Spear  Conj/Erth      1%         10d2      100%        8
 Maxwell's Capacitive Co  Air            1%         ∞         100%        8
 Summon Horrible Things   Summ           1%         N/A       100%        8
 Chain Lightning          Conj/Air       1%         3d2       100%        9
 Death's Door             Necr           25%        N/A       100%        9
 Fire Storm               Conj/Fire      1%         8d1       100%        9
 Shatter                  Erth           1%         3d6*      100%        9


Dungeon Overview and Level Annotations

Branches:
Dungeon (15/15)            Temple (1/1) D:5            Lair (6/6) D:8
  Swamp (4/4) Lair:2       Spider (4/4) Lair:3        Slime (5/5) Lair:5
    Orc (2/2) D:9             Elf (3/3) Orc:2        Vaults (5/5) D:14
  Crypt (3/3) Vaults:3       Tomb (0/3) Crypt:3      Depths (4/4) D:15
    Zot (0/5) Depths:4

Altars:
Cheibriados
Elyvilon
Fedhas
Gozag
Hepliaklqana
Kikubaaqudgha
Makhleb
Nemelex Xobeh
Okawaru
Qazlal
Ru
Sif Muna
Trog
Uskayaw
Vehumet
Wu Jian
Xom
Zin
The Shining One
Beogh
Jiyva

Shops:
D:1 (   D:2 ==(   D:5 *   D:6 (!(*(!*   D:8 !   D:9 [(   D:12 *   D:13 =[*
Orc:2 =*[(   Elf:1 :   Elf:2 ?   Vaults:2 (   Vaults:3 (*[(   Depths:1 *
Depths:3 [[[!   Depths:4 :==

Portals:
Hell: Depths:1 Depths:2 Depths:3 Depths:4
Abyss: Depths:3
Pandemonium: Depths:2 Depths:4
Ziggurat: Depths:4
Trove: D:10 (give 6 scrolls of blinking)

Annotations:
Lair:6 exclusion: obsidian statue
Elf:3 exclusion: door
Depths:2 2 transporters, turdburglar's ghost, adept MiMo
Abyss:1 Kowneoh's ghost, adept DjGl


Innate Abilities, Weirdness & Mutations

You are completely covered in rugged brown scales. (AC +3, +7% HP)
You have supernaturally acute eyesight. (SInv)
Armour fits poorly on your strangely shaped body.
You can roll at nearby foes to attack.
You have a long armoured tail.
You curl defensively after being hit. (AC +7*)
You have a beak for a mouth.
You possess an exceptional clarity of mind.
You are frail. (-10% HP)
You are strong-willed. (Will+)


Message History

The acid blob spits acid at you. The splash of acid hits you. You resist.
* * * LOW HITPOINT WARNING * * *
You hit the acid blob.
Your hands burn!
* * * LOW HITPOINT WARNING * * *
The acid blob is severely wounded.
You hit the azure jelly but do no damage.
You hit the rockslime but do no damage. You completely miss the acid blob.
Your +8 broad axe of the Ghost {spect, Will+ rCorr} hits the azure jelly!!
You kill the azure jelly!
That felt strangely unrewarding.
Your +8 broad axe of the Ghost {spect, Will+ rCorr} hits the acid blob!
Your +8 broad axe of the Ghost {spect, Will+ rCorr} is burned by acid!
Your spectral weapon shares its damage with you!
Your +8 broad axe of the Ghost {spect, Will+ rCorr} hits the rockslime but does no damage.
* * * LOW HITPOINT WARNING * * *
You block the rockslime's attack. The acid blob spits acid at you.
The splash of acid hits you. You resist.
* * * LOW HITPOINT WARNING * * *
The acid corrodes you! You block the acid blob's attack.
The rockslime hits you but does no damage.
You chop the acid blob into pieces!!!
You kill the acid blob!
That felt strangely unrewarding.
You hit the rockslime. You slash the acid blob!
Your hands burn!
* * * LOW HITPOINT WARNING * * *
Your +8 broad axe of the Ghost {spect, Will+ rCorr} hits the rockslime!
You kill the rockslime!
That felt strangely unrewarding.
The acid blob hits you!!
* * * LOW HITPOINT WARNING * * *
You are splashed with acid.
You resist.
* * * LOW HITPOINT WARNING * * *
You feel better. You block the acid blob's attack.
Okay, then.
Okay, then.
You feel better. The acid blob hits you!!
* * * LOW HITPOINT WARNING * * *
You are splashed with acid.
You resist.
You die...

#.............#...#
##...........#.#.##
#...........#...##
##..........#...##
#........###...## ##
#...............###.##
#....#.......^.......#
#...................##
##......@...........##
#......J.............#
#...##.#..........#.##
##...##............#.##
#....#............#...#
#.........>.....<.#..##
#..........<.........##
#..............#......###
##.##...................#


You could see an acid blob.

Vanquished Creatures
  the Royal Jelly (Slime:5)
  An ancient lich (Crypt:3)
  2 juggernauts
  The ghost of Ixoes the Tortoise, a veteran DgFi (Vaults:4)
  the Lernaean hydra (Swamp:4)
  4 golden dragons
  A tentacled monstrosity (Depths:4)
  Jorgrun (D:15)
  6 liches
  A walking crystal tome (Depths:3)
  2 deep elf master archers (Elf:3)
  A walking divine tome (Depths:3)
  A deep elf blademaster (Elf:3)
  13 acid blobs
  7 sphinxes
  4 titans (Vaults:5)
  2 tentacled starspawn (Abyss:6)
  6 ancient champions
  Frances (D:14)
  4 storm dragons
  A thorn hunter (Swamp:3)
  2 shadow dragons
  Donald (Swamp:2)
  4 azure jellies
  2 tengu reavers
  9 rockslimes
  3 fenstrider witches
  An iron dragon (Depths:1)
  5 fire giants
  14 vault wardens
  6 frost giants
  An orc warlord (Orc:2)
  A balrug (Depths:2)
  2 deep elf sorcerers
  2 ghost moths
  2 draconian stormcallers (Depths:4)
  4 curse skulls
  2 reapers (Depths:4)
  Louise (Swamp:2)
  2 deep elf elementalists (Elf:3)
  5 ghouls
  4 broodmothers
  A draconian annihilator (Depths:4)
  21 ironbound preservers
  17 stone giants
  5 quicksilver oozes
  24 very ugly things
  7 eleionomae
  4 war gargoyles
  An ironbound thunderhulk (Vaults:2)
  2 green draconians (Depths:4)
  8 deep elf demonologists
  6 vampire knights
  A red draconian (Depths:4)
  2 bunyips
  13 dire elephants
  3 yellow draconians (Depths:4)
  9 spark wasps
  A blizzard demon (Abyss:6)
  5 entropy weavers
  5 deep elf annihilators
  5 ettins
  3 deep elf high priests
  13 deep elf death magi
  8 jiangshi
  5 eidola
  Josephine (D:14)
  18 yaktaur captains
  A shambling mangrove (Swamp:2)
  5 fire dragons
  The ghost of Veterankin the Severer, a journeyman HOFi of Makhleb (D:11)
  6 ice dragons
  4 jorogumos
  34 vault guards
  6 spriggan air magi
  2 boulder beetles
  18 great orbs of eyes
  4 rakshasas
  A hell beast (Depths:1)
  A ghost crab (Swamp:2)
  A radroach (Spider:2)
  7 ironbound frosthearts
  3 ogre magi
  22 hydras
  The ghost of peter4 the Grappler, a novice TrGl of Okawaru (Lair:2)
  8 alligators (Swamp:4)
  24 centaur warriors
  A death knight (D:13)
  31 dancing weapons
  5 two-headed ogres
  A two-headed ogre (shapeshifter) (Vaults:3)
  8 deep troll earth magi
  4 deep troll shamans
  A hell hog (Depths:1)
  5 vampire magi
  3 tengu warriors
  6 death scarabs (Spider:4)
  5 orc high priests
  7 spriggan berserkers
  Urug (Lair:5)
  2 sun demons
  2 soul eaters
  The ghost of Vylera the Basher, a novice PaWr of Jiyva (Lair:1)
  3 shadow wraiths
  19 deep elf knights
  17 spriggans
  A storm dragon skeleton (Depths:1)
  A spectral death yak (Lair:6)
  5 goliath frogs
  7 iron trolls
  A sixfirhy (Abyss:6)
  4 wretched stars
  5 pharaoh ants
  2 cherubim (D:14)
  A spatial maelstrom (Abyss:3)
  A quicksilver dragon simulacrum (Depths:1)
  4 steelbarb worms
  4 spriggan druids
  6 orb spiders
  An orb spider (shapeshifter) (Depths:4)
  4 glowing orange brains
  18 skeletal warriors
  17 swamp dragons
  A spectral anaconda (Lair:6)
  3 flayed ghosts
  A glowing orange brain (shapeshifter) (Vaults:5)
  48 deep trolls
  17 deep elf archers
  16 lindwurms
  34 deep elf zephyrmancers
  2 bog bodies
  7 necromancers
  A broodmother zombie (Spider:4)
  2 spectral wolf spiders (Spider:4)
  3 harpies (Vaults:1)
  A spectral jorogumo (Spider:4)
  6 orc knights
  18 ironbound convokers
  35 deep elf pyromancers
  2 wizards
  18 phantasmal warriors
  33 ugly things
  5 will-o-the-wisps
  An oklob plant (Spider:4)
  7 orc sorcerers
  14 wolf spiders
  A cyclops (shapeshifter) (Vaults:5)
  106 slime creatures
  3 shining eyes
  A worldbinder (Abyss:6)
  8 cyclopes
  A goliath frog skeleton (Crypt:1)
  6 moths of wrath
  4 black mambas
  2 manticores
  A dire elephant zombie (Lair:6)
  2 rust devils (Depths:2)
  A stone giant skeleton (Depths:1)
  18 elephants
  14 vault sentinels
  2 eyes of devastation
  2 gargoyles
  An unseen horror (shapeshifter) (D:11)
  A smoke demon (Abyss:6)
  A storm dragon simulacrum (Depths:1)
  A green draconian zombie (Crypt:3)
  12 cane toads
  A dire elephant skeleton (Lair:6)
  A black draconian zombie (Crypt:1)
  3 torpor snails
  2 unseen horrors
  An unseen horror zombie (Crypt:1)
  4 spectral redbacks (Spider:4)
  10 demonic crawlers
  6 komodo dragons
  33 yaktaurs
  7 rime drakes
  4 freezing wraiths
  A redback zombie (Spider:4)
  An ice devil (Depths:2)
  A green draconian skeleton (Crypt:1)
  4 tengu conjurers
  7 trolls
  4 meliai
  A red draconian skeleton (Crypt:2)
  A large abomination (Abyss:4)
  A bloated husk (Swamp:1)
  4 spectral tarantellas (Spider:4)
  3 spectral jumping spiders (Spider:4)
  A spectral culicivora (Spider:4)
  12 tyrant leeches
  2 spectral elephants (Lair:6)
  3 ettin zombies
  22 hornets
  15 tarantellas
  A harpy skeleton (Crypt:2)
  Grinder (D:6)
  A hornet (shapeshifter) (D:14)
  5 jumping spider zombies (Spider:4)
  17 blink frogs
  A tarantella zombie (Spider:4)
  2 raiju (Abyss:6)
  A slime creature (shapeshifter) (Vaults:4)
  A tarantella (shapeshifter) (D:14)
  2 flying skulls (Crypt:3)
  5 starcursed masses (Abyss:4)
  20 culicivoras
  A guardian serpent skeleton (Crypt:3)
  9 wraiths
  36 yaks
  7 air elementals
  A spriggan (shapeshifter) (D:13)
  21 jumping spiders
  11 wyverns
  A wyvern (shapeshifter) (Vaults:4)
  7 basilisks
  5 water elementals
  A centaur simulacrum (D:14)
  2 golden eyes (Slime:4)
  46 redbacks
  A death yak simulacrum (Lair:6)
  3 steam dragons
  Grum (D:8)
  3 neqoxecs
  Menkaure (D:6)
  A spectral cane toad (Lair:6)
  A spriggan simulacrum (Depths:1)
  6 vampire mosquitoes
  A glowing shapeshifter zombie (Vaults:3)
  11 swamp worms
  6 wargs
  A demonspawn skeleton (Crypt:2)
  13 water moccasins
  9 acid dragons
  2 water nymph skeletons
  5 black bears
  2 swamp drakes (Swamp:4)
  A meliai simulacrum (D:14)
  2 elephant zombies (Lair:6)
  39 orc warriors
  A sky beast (D:6)
  A swamp dragon skeleton (Crypt:2)
  A black mamba simulacrum (Lair:1)
  7 centaurs
  9 ogres
  16 wolves
  3 phantoms
  2 kobold brigands (D:9)
  12 bullfrogs
  3 gnoll sergeants
  3 cane toad simulacra (Lair:6)
  6 necrophages
  2 scorpions
  4 earth elementals
  An elephant simulacrum (Lair:6)
  A killer bee (shapeshifter) (D:11)
  13 killer bees
  A raiju skeleton (Crypt:2)
  A yak skeleton (Crypt:3)
  3 electric eels
  9 howler monkeys
  A rime drake simulacrum (Lair:1)
  5 spriggan skeletons (D:10)
  A troll skeleton (D:10)
  2 hounds
  7 jellies
  23 orc priests
  A gnoll shaman (D:6)
  A human zombie (Crypt:1)
  A water moccasin simulacrum (Lair:1)
  A human skeleton (Crypt:3)
  3 iguanas
  30 orc wizards
  A yak simulacrum (Lair:1)
  2 small abominations
  A bullfrog simulacrum (Lair:1)
  A deep dwarf zombie (Crypt:3)
  22 gnolls
  5 adders
  A steam dragon skeleton (Crypt:2)
  2 shadow imps (D:5)
  3 white imps
  A jelly zombie (Crypt:2)
  A lava snake skeleton (Crypt:1)
  An adder skeleton (Crypt:1)
  3 worms
  2 dart slugs
  97 orcs
  7 ball pythons
  A bat (shapeshifter) (D:11)
  2 endoplasms (D:4)
  4 giant cockroaches
  4 goblins
  6 hobgoblins
  11 kobolds
  4 quokkas
  A ball python skeleton (Crypt:1)
  A bat (D:3)
  A butterfly zombie (Crypt:3)
  A frilled lizard (D:2)
  A kobold skeleton (Crypt:2)
  A rat (D:1)
  2 starspawn tentacles (Abyss:6)
1972 creatures vanquished.

Vanquished Creatures (collateral kills)
  A deep elf blademaster (Elf:3)
  A tentacled starspawn (Abyss:6)
  A rockslime (Slime:5)
  A ghost moth (Spider:2)
  2 deep elf annihilators (Elf:3)
  A blizzard demon (Abyss:6)
  2 shambling mangroves (Swamp:4)
  A deep elf death mage (Elf:3)
  A merfolk impaler (Abyss:6)
  3 starcursed masses (Abyss:6)
  4 hydras
  An ironbound frostheart (Abyss:6)
  2 deep elf knights
  A spriggan (Swamp:3)
  A skeletal warrior (D:15)
  An orc knight (D:15)
  A black mamba (Lair:6)
  A smoke demon (Abyss:6)
  A cane toad (Lair:1)
  3 hornets
  A raiju (Abyss:6)
  A culicivora (Spider:2)
  A yak (Lair:3)
  A swamp worm (Swamp:4)
  2 orc warriors (D:15)
  2 swamp drakes (Swamp:4)
  A centaur (D:15)
  A bullfrog (Lair:1)
  2 starspawn tentacles (Abyss:6)
42 creatures vanquished.

Vanquished Creatures (others)
  A lich (Crypt:2)
  A spark wasp (Spider:1)
  A swamp dragon (Swamp:4)
  A wizard (Depths:2)
  A deep elf zephyrmancer (Elf:3)
  An unseen horror (D:10)
  2 bloated husks (Swamp:4)
  A tarantella (Spider:2)
  A raiju (Abyss:6)
  2 swamp drakes (Swamp:4)
  2 orc priests
  3 orcs (Elf:1)
  2 bushes (D:8)
  14 foxfires
  45 fungi
  71 plants
  4 starspawn tentacles (Abyss:6)
  32 withered plants (Lair:6)
185 creatures vanquished.

Grand Total: 2199 creatures vanquished

Notes
Turn   | Place    | Note
-------+----------+-------------------------------------------
     0 | D:1      | marklar909 the Palentonga Fighter began the quest for the
                  | Orb.
     0 | D:1      | Reached XP level 1. HP: 19/19 MP: 1/1
     2 | D:1      | Noticed a draconian
     2 | D:1      | Noticed a naga
     4 | D:1      | Noticed a vampire
     4 | D:1      | Noticed a tengu
     6 | D:1      | Noticed a minotaur
     8 | D:1      | Noticed a formicid
     8 | D:1      | Noticed a demonspawn
    12 | D:1      | Noticed an elf
    12 | D:1      | Noticed an ogre
    14 | D:1      | Noticed a vine stalker
    14 | D:1      | Noticed a human
    16 | D:1      | Noticed a ghoul
    16 | D:1      | Noticed an octopode
    18 | D:1      | Noticed a demigod
    18 | D:1      | Noticed a gargoyle
    20 | D:1      | Noticed a spriggan
    20 | D:1      | Noticed a felid
    22 | D:1      | Noticed a troll
    22 | D:1      | Noticed a dwarf
    24 | D:1      | Noticed a merfolk
   220 | D:1      | Reached XP level 2. HP: 25/25 MP: 2/2
   254 | D:1      | Found Edgham's Weapon Boutique.
   642 | D:1      | Found a faded altar of an unknown god.
  1104 | D:2      | Found a sacrificial altar of Ru.
  1111 | D:2      | Found Lieteuj's Jewellery Emporium.
  1188 | D:2      | Found Voxisu's Weapon Shop.
  1198 | D:2      | Reached XP level 3. HP: 20/31 MP: 3/3
  1236 | D:2      | Found Roroew's Jewellery Shop.
  1661 | D:2      | Identified a scroll of acquirement
  1661 | D:2      | Acquired the +3 barding of Pathos {rCorr Str+2}
  1996 | D:3      | Reached XP level 4. HP: 29/37 MP: 4/4
  2389 | D:4      | Reached XP level 5. HP: 43/43 MP: 5/5
  2393 | D:4      | Acquired the +4 barding of Conscience {rElec rPois Will+}
  2877 | D:4      | Found a bloodstained altar of Trog.
  2901 | D:4      | Found a hazy altar of Hepliaklqana.
  2952 | D:5      | Entered Level 5 of the Dungeon
  2965 | D:5      | Noticed an ogre
  3170 | D:5      | Noticed a black bear
  3176 | D:5      | Killed a black bear
  3177 | D:5      | Reached XP level 6. HP: 44/51 MP: 6/6
  3365 | D:5      | Reached skill level 1 in Dodging
  3496 | D:5      | Reached skill level 4 in Fighting
  3496 | D:5      | Reached skill level 5 in Axes
  3605 | D:5      | Gained mutation: You curl defensively after being hit. (AC
                  | +7*) [Palentonga growth]
  3605 | D:5      | Reached XP level 7. HP: 47/57 MP: 7/7
  3677 | D:5      | Found Keocim's Gadget Gallery.
  3766 | D:5      | Found a staircase to the Ecumenical Temple.
  4263 | D:5      | Reached XP level 8. HP: 65/65 MP: 8/8
  4849 | Temple   | Entered the Ecumenical Temple
  5226 | Temple   | Became a worshipper of Makhleb the Destroyer
  5370 | D:6      | Found Fikhufum's General Store.
  5402 | D:6      | Noticed Grinder
  5416 | D:6      | Killed Grinder
  5578 | D:6      | Found Jouliz's Assorted Antiques.
  5584 | D:6      | Bought a clear potion for 27 gold pieces
  5584 | D:6      | Bought a viscous green potion for 27 gold pieces
  5584 | D:6      | Bought a bubbling puce potion for 27 gold pieces
  5702 | D:6      | Found Ankuwug's Antique Weapon Shop.
  5703 | D:6      | Noticed Menkaure
  5706 | D:6      | Found Xunwe's Distillery.
  5707 | D:6      | Found Popig's Antique Weapon Shop.
  5710 | D:6      | Killed Menkaure
  5711 | D:6      | Reached skill level 5 in Fighting
  5871 | D:6      | Found Vesupase's Distillery.
  5873 | D:6      | Bought a potion of lignification for 39 gold pieces
  5887 | D:6      | Bought a potion of flight for 36 gold pieces
  5949 | D:6      | Found Eluo's Antique Weapon Emporium.
  6260 | D:6      | Reached skill level 5 in Armour
  6287 | D:6      | Identified the +6 trident of Conformity {venom, rC+ Dex+6}
  6465 | D:7      | Reached * piety under Makhleb
  6564 | D:7      | Reached XP level 9. HP: 72/72 MP: 9/9
  7381 | D:8      | Reached ** piety under Makhleb
  7494 | D:8      | Reached skill level 5 in Shields
  7590 | D:8      | Noticed Grum
  7596 | D:8      | Reached skill level 6 in Fighting
  7616 | D:8      | Reached skill level 10 in Axes
  7616 | D:8      | Reached XP level 10. HP: 76/81 MP: 8/10
  7924 | D:8      | Found a staircase to the Lair.
  8055 | D:8      | Killed Grum
  8156 | D:8      | Found Adwupte's Distillery.
  8267 | D:8      | Reached skill level 1 in Stealth
  8628 | D:9      | Found Wynk's Armour Shop.
  8628 | D:9      | Found a staircase to the Orcish Mines.
  8628 | D:9      | Found Rasotytz's Weapon Shop.
  9022 | D:8      | Reached skill level 1 in Invocations
  9240 | D:9      | Noticed a cyclops
  9670 | D:9      | Reached *** piety under Makhleb
  9685 | D:9      | Reached skill level 7 in Fighting
 10031 | D:9      | Reached XP level 11. HP: 84/89 MP: 10/13
 10060 | D:9      | Bought a +1 cloak of preservation for 247 gold pieces
 10430 | D:10     | Entered Level 10 of the Dungeon
 10893 | D:10     | Noticed a purple ugly thing
 10921 | D:10     | Killed a purple ugly thing
 11327 | D:10     | Found a portal to a secret trove of treasure.
 11680 | D:6      | Bought a potion of heal wounds for 60 gold pieces
 11739 | D:9      | Bought a +2 pair of gloves of infusion for 322 gold pieces
 11792 | Lair:1   | Entered Level 1 of the Lair of Beasts
 11811 | Lair:1   | Found a runed translucent gate.
 11811 | Lair:1   | Found a runed translucent gate.
 11811 | Lair:1   | Found a runed translucent gate.
 11819 | Lair:1   | Noticed Vylera's ghost (novice PaWr)
 11847 | Lair:1   | Noticed a five-headed hydra
 11862 | Lair:1   | Noticed a four-headed hydra
 12033 | Lair:1   | Reached **** piety under Makhleb
 12121 | Lair:1   | Reached skill level 8 in Fighting
 12348 | Lair:1   | Reached skill level 5 in Invocations
 12451 | Lair:1   | Killed a six-headed hydra
 12632 | Lair:1   | Killed a four-headed hydra
 13198 | Lair:2   | Reached XP level 12. HP: 85/100 MP: 10/16
 13862 | Lair:2   | Found a runed translucent gate.
 13862 | Lair:2   | Found a runed translucent gate.
 13862 | Lair:2   | Found a runed translucent gate.
 13862 | Lair:2   | Noticed peter4's ghost (novice TrGl)
 13862 | Lair:2   | Noticed a great orb of eyes
 13924 | Lair:2   | Found a staircase to the Swamp.
 14380 | Lair:2   | Found a viscous altar of Jiyva.
 14835 | Lair:3   | Found a hole to the Spider Nest.
 14858 | Lair:3   | Noticed a seven-headed hydra
 14869 | Lair:3   | Killed a seven-headed hydra
 15215 | Lair:3   | Got the Tome of Ignition and Black Arts
 15583 | Lair:3   | Learned a level 2 spell: Blink
 15624 | Lair:4   | Reached skill level 9 in Fighting
 15744 | Lair:4   | Reached skill level 1 in Translocations
 16220 | Lair:4   | Noticed a five-headed hydra
 16228 | Lair:4   | Killed a five-headed hydra
 16877 | Lair:5   | Noticed Urug
 16894 | Lair:5   | Killed Urug
 17270 | Lair:5   | Found a viscous altar of Jiyva.
 17271 | Lair:5   | Found a staircase to the Slime Pits.
 17287 | Lair:5   | Reached XP level 13. HP: 101/109 MP: 9/18
 17423 | Lair:5   | Reached skill level 1 in Spellcasting
 17569 | Lair:5   | Reached skill level 10 in Fighting
 17970 | Lair:6   | Entered Level 6 of the Lair of Beasts
 18313 | Lair:6   | Reached ***** piety under Makhleb
 19055 | Lair:6   | Noticed a dire elephant
 19055 | Lair:6   | Noticed a dire elephant
 19482 | Lair:6   | Killed a dire elephant
 19607 | Lair:6   | Killed a dire elephant
 19916 | Lair:6   | Reached skill level 11 in Fighting
 19916 | Lair:6   | Reached XP level 14. HP: 111/120 MP: 5/20
 20066 | Lair:6   | Identified the ring "Xeoh Jitsi" {+Blink rCorr AC+4 Stlth-}
 20851 | Lair:1   | Killed Vylera's ghost
 20864 | Lair:1   | Got the ring "Qahiu" {Fire rPois Dex+3}
 20961 | Lair:2   | Killed peter4's ghost
 21513 | D:11     | Found a runed translucent gate.
 21513 | D:11     | Found a runed translucent gate.
 21513 | D:11     | Found a runed translucent gate.
 22277 | D:11     | Found a runed translucent gate.
 22277 | D:11     | Found a runed translucent gate.
 22281 | D:11     | Found a runed translucent gate.
 22282 | D:11     | Noticed Veterankin's ghost (journeyman HOFi)
 23309 | D:12     | Found Ruzicwosumn's Neck Hole.
 23369 | D:12     | Reached skill level 5 in Dodging
 23502 | Orc:1    | Entered Level 1 of the Orcish Mines
 23746 | Orc:1    | Reached ****** piety under Makhleb
 24473 | Orc:2    | Entered Level 2 of the Orcish Mines
 24716 | Orc:2    | Found a staircase to the Elven Halls.
 24763 | Orc:2    | Noticed an orc warlord
 24766 | Orc:2    | Reached skill level 15 in Axes
 24972 | Abyss:3  | Cast into level 3 of the Abyss (orc warlord)
 25025 | Abyss:3  | Noticed a green very ugly thing
 25043 | Abyss:3  | Noticed a purple draconian shifter
 25072 | Abyss:4  | Found a corrupted altar of Lugonu.
 25105 | Abyss:4  | Noticed a starcursed mass
 25128 | Abyss:4  | Killed a green very ugly thing
 25129 | Abyss:4  | Reached skill level 12 in Fighting
 25142 | Abyss:4  | Noticed a starcursed mass
 25208 | Orc:2    | Escaped the Abyss
 27554 | Orc:2    | Killed an orc warlord
 27555 | Orc:2    | Reached skill level 1 in Evocations
 27898 | Orc:2    | Found Tuon's General Store.
 27899 | Orc:2    | Found Mualuiq's Jewellery Emporium.
 27901 | Orc:2    | Found Opte's Antique Armour Shoppe.
 27901 | Orc:2    | Found Mukod's Antique Weapon Shoppe.
 27916 | Orc:2    | Bought a scroll of brand weapon for 260 gold pieces
 27916 | Orc:2    | Bought a scroll of blinking for 97 gold pieces
 28281 | D:13     | Found Qejereyl's Jewellery Emporium.
 28414 | D:13     | Found Axibosch's General Store.
 28713 | D:13     | Found Ycwall's Antique Armour Shoppe.
 28930 | D:13     | Reached XP level 15. HP: 130/130 MP: 18/21
 29521 | D:14     | Noticed Josephine
 29526 | D:14     | Killed Josephine
 29544 | D:14     | Learned a level 5 spell: Manifold Assault
 29727 | D:14     | Noticed Frances
 29892 | D:14     | Reached skill level 10 in Shields
 29924 | D:14     | Found a gate to the Vaults.
 30043 | D:14     | Killed Frances
 30192 | D:14     | Found the +1 cloak of Starlight {*Dazzle EV+4 Stlth--}
 30236 | D:14     | Reached skill level 13 in Fighting
 30331 | D:14     | HP: 1/119 [five-headed hydra (9)]
 30566 | D:14     | Got the Incunabulum of the Earth
 30642 | D:14     | Identified the +3 flail of Wutiarhi {flame, rN+ MP+9 Str+2
                  | Dex+3}
 30685 | D:14     | Noticed a sphinx
 30694 | D:14     | Killed a sphinx
 30695 | D:14     | Reached skill level 10 in Invocations
 31269 | D:15     | Entered Level 15 of the Dungeon
 31945 | D:15     | Noticed Jorgrun
 31956 | D:15     | Killed Jorgrun
 32247 | D:15     | Found a staircase to the Depths.
 32255 | D:15     | Reached XP level 16. HP: 137/141 MP: 14/23
 33043 | Swamp:1  | Entered Level 1 of the Swamp
 33088 | Swamp:1  | Paralysed by a fenstrider witch for 2 turns
 33226 | Swamp:1  | Reached skill level 14 in Fighting
 34540 | Swamp:2  | Noticed Kowneoh's ghost (adept DjGl)
 34546 | Swamp:2  | Found a transporter.
 34556 | Swamp:2  | Found a transporter.
 34560 | Swamp:2  | Noticed Donald
 34579 | Swamp:2  | Killed Donald
 34581 | Swamp:2  | Noticed Louise
 34601 | Swamp:2  | Killed Louise
 34962 | Swamp:3  | Noticed a thorn hunter
 35435 | Swamp:3  | Identified the +5 quarterstaff of Surcherac {protect, rF-
                  | rC++}
 36283 | Swamp:3  | Killed a thorn hunter
 36684 | Swamp:3  | Learned a level 4 spell: Dispel Undead
 36767 | Swamp:4  | Entered Level 4 of the Swamp
 36926 | Swamp:4  | Reached skill level 5 in Translocations
 37014 | Swamp:4  | Reached skill level 1 in Necromancy
 37530 | Swamp:4  | Reached skill level 10 in Armour
 37829 | Swamp:4  | Reached XP level 17. HP: 117/149 MP: 12/26
 38143 | Swamp:4  | Noticed the 27-headed Lernaean hydra
 38165 | Swamp:4  | Killed the 27-headed Lernaean hydra
 38184 | Swamp:4  | Reached skill level 15 in Fighting
 38519 | Swamp:4  | Got a decaying rune of Zot
 38831 | Orc:2    | Bought a ring of willpower for 350 gold pieces
 39013 | Elf:1    | Entered Level 1 of the Elven Halls
 39280 | Elf:1    | Paralysed by an air elemental for 1 turns
 39286 | Elf:1    | Paralysed by an air elemental for 1 turns
 39388 | Elf:1    | Paralysed by an air elemental for 1 turns
 39391 | Elf:1    | Paralysed by an air elemental for 1 turns
 39444 | Elf:1    | Paralysed by an air elemental for 1 turns
 39505 | Elf:1    | Found Eriwoug's One-of-a-Kind Books.
 40568 | Elf:2    | Paralysed by an air elemental for 1 turns
 41237 | Elf:2    | Found a runed translucent gate.
 41237 | Elf:2    | Found a runed translucent gate.
 41237 | Elf:2    | Found a runed translucent gate.
 41239 | Abyss:5  | Cast into level 5 of the Abyss (+5 trident of distortion)
 41298 | Elf:2    | Escaped the Abyss
 42300 | Elf:2    | Reached skill level 5 in Necromancy
 42481 | Elf:2    | Found Nelioqa's Magic Scroll Boutique.
 42546 | Elf:2    | Reached XP level 18. HP: 98/161 MP: 8/27
 42702 | Elf:2    | Bought a scroll of enchant weapon for 127 gold pieces
 42702 | Elf:2    | Bought a scroll of enchant armour for 127 gold pieces
 42992 | Elf:3    | Entered Level 3 of the Elven Halls
 43027 | Elf:1    | Found a shimmering blue altar of Sif Muna.
 43290 | Elf:3    | Paralysed by an air elemental for 1 turns
 43294 | Elf:3    | Paralysed by an air elemental for 1 turns
 43296 | Elf:3    | Paralysed by an air elemental for 1 turns
 43575 | Elf:3    | Reached skill level 16 in Fighting
 45062 | Elf:3    | Identified the +5 halberd "Filaud" {spect, Fragile rCorr
                  | Str+7 SInv}
 45111 | Elf:3    | Identified the +9 ice dragon scales of Philately {rElec
                  | rPois rF- rC++ Dex+2}
 45555 | Elf:3    | Identified the +8 dagger of Demand {drain, Str+7}
 45558 | Elf:3    | Noticed a Brimstone Fiend
 45560 | Elf:3    | Noticed an Ice Fiend
 45565 | Elf:3    | Noticed a Brimstone Fiend
 45866 | Elf:3    | Found the +2 hood of the Assassin {Detection Stab+ Stlth++}
 45886 | Elf:3    | Got the Guide on the Flamy Glacier
 45970 | Elf:3    | Identified the +3 dagger "Boqalewn" {venom, rPois rF+ SInv}
 45973 | Elf:3    | Identified the +5 scale mail "Veirogionn" {rCorr MP+9 Dex-4
                  | SInv}
 45977 | Elf:3    | Identified the +5 hunting sling "Pisy" {flame, rPois}
 46454 | Orc:2    | Bought the ring "Iroshrae" {rF+ rCorr Int+6} for 652 gold
                  | pieces
 46636 | Spider:1 | Entered Level 1 of the Spider Nest
 47744 | Spider:1 | You fall into a shaft and drop 1 floor!
 50251 | Spider:3 | Reached skill level 17 in Fighting
 50273 | Spider:3 | Reached XP level 19. HP: 142/172 MP: 1/29
 51350 | Spider:4 | Entered Level 4 of the Spider Nest
 52825 | Spider:4 | Identified the +9 falchion of Contention {venom, Int+3}
 54201 | Spider:4 | Learned a level 6 spell: Death Channel
 54210 | Spider:4 | Learned a level 8 spell: Infestation
 54358 | Spider:4 | Found the +0 pair of fencer's gloves {Riposte Dex+3}
 54426 | Spider:4 | Got a gossamer rune of Zot
 54434 | Spider:4 | Identified the -1 pair of gloves of the Hunter {rN+ Int+3
                  | Dex-2}
 55094 | D:13     | Bought a masterwork plate armour for 952 gold pieces
 55094 | D:13     | Identified the +1 plate armour of Negation {Rampage +Blink
                  | rCorr Slay-4} (You bought it in a shop on level 13 of the
                  | Dungeon)
 55414 | Vaults:1 | Entered Level 1 of the Vaults
 56791 | Vaults:1 | Reached skill level 18 in Fighting
 57007 | Vaults:1 | Reached XP level 20. HP: 181/181 MP: 30/30
 57252 | Vaults:2 | Got the Guide on Air and Battle Magic
 57431 | Vaults:2 | Found Zewohipt's Weapon Shop.
 58540 | Vaults:2 | Reached skill level 10 in Translocations
 59307 | Vaults:3 | Found a staircase to the Crypt.
 59723 | Vaults:3 | Found Lippam Jyf's Weapon Boutique.
 59861 | Vaults:3 | Found Wuiwouwk's Antique Weapon Emporium.
 59867 | Vaults:3 | Found Tuaps's Armour Shop.
 59995 | Vaults:3 | Found Guschuw's General Store.
 60035 | Vaults:3 | Reached skill level 19 in Fighting
 60045 | Vaults:3 | Bought a scroll of teleportation for 60 gold pieces
 60342 | Crypt:1  | Entered Level 1 of the Crypt
 60804 | Crypt:1  | Reached XP level 21. HP: 126/192 MP: 31/31
 61729 | Crypt:2  | Reached skill level 10 in Necromancy
 62542 | Crypt:3  | Entered Level 3 of the Crypt
 62811 | Crypt:3  | Found the +7 Spriggan's Knife {stab, EV+4 Stlth+}
 62895 | Crypt:3  | Found a staircase to the Tomb.
 63043 | Crypt:3  | Found an ancient bone altar of Kikubaaqudgha.
 63251 | Crypt:3  | Noticed a curse toe
 64037 | Crypt:3  | Banished a curse toe
 64120 | Crypt:3  | Noticed a dread lich
 64120 | Crypt:3  | Noticed an ancient lich
 64170 | Crypt:3  | Identified the +2 scale mail "Bialao" {Fly rF+++ Str+5
                  | Dex-4}
 64434 | Crypt:3  | Banished a dread lich
 64578 | Crypt:3  | Killed an ancient lich
 64611 | Crypt:3  | Got the Handbook of Creation
 64620 | Crypt:3  | Got the Guide on Dark Arts
 64623 | Crypt:3  | Identified the +8 hunting sling "Votua" {vorpal, rPois
                  | Int-5 Dex+6 Stlth+}
 65169 | Vaults:4 | Reached skill level 20 in Fighting
 65859 | Vaults:4 | Reached XP level 22. HP: 196/203 MP: 32/32
 66251 | Vaults:4 | Found a transporter.
 66257 | Vaults:4 | Found a bloodstained altar of Trog.
 66257 | Vaults:4 | Noticed Ixoes's ghost (veteran DgFi)
 66265 | Vaults:4 | Found a transporter.
 66561 | Vaults:4 | Killed Ixoes's ghost
 66581 | Vaults:4 | Identified the amulet of Rebuotasso {Regen+ Str+5 Dex-2}
 66873 | D:11     | Killed Veterankin's ghost
 67394 | Swamp:2  | Banished Kowneoh's ghost
 67413 | Swamp:2  | Identified the ring of Propriety {rPois rN+}
 67419 | Swamp:2  | Identified the +0 pair of boots of Reason {rElec}
 67838 | Depths:1 | Entered Level 1 of the Depths
 68028 | Depths:1 | Found a gateway to Hell.
 68455 | Depths:1 | Reached skill level 15 in Shields
 68574 | Depths:1 | Found Coces's Pet Rocks.
 69408 | Depths:2 | Found a transporter.
 69437 | Depths:2 | Noticed turdburglar's ghost (adept MiMo)
 69465 | Depths:2 | Found a transporter.
 69653 | Depths:2 | Found a one-way gate leading to the halls of Pandemonium.
 70950 | Depths:3 | Found Uveudgh's Antique Armour Shop.
 70951 | Depths:3 | Found Jovien's Antique Armour Boutique.
 70951 | Depths:3 | Found Onamaiq's Distillery.
 70962 | Depths:3 | Reached XP level 23. HP: 206/212 MP: 33/33
 70975 | Depths:3 | Found Owae's Armour Boutique.
 70981 | Depths:3 | Bought a potion of mutation for 168 gold pieces
 71052 | Depths:3 | Noticed a juggernaut
 71203 | Depths:3 | Found a glowing golden altar of the Shining One.
 71203 | Depths:3 | Found a glowing silver altar of Zin.
 71203 | Depths:3 | Found a white marble altar of Elyvilon.
 71285 | Depths:3 | Killed a juggernaut
 71486 | Depths:3 | Found a one-way gate to the infinite horrors of the Abyss.
 71693 | Depths:3 | Found the +14 obsidian axe {vorpal, Mesm Drain Fly SInv}
 71707 | Depths:3 | Identified the +8 broad axe of the Ghost {spect, Will+
                  | rCorr}
 71976 | D:12     | Bought a scarf of repulsion for 156 gold pieces
 72361 | Depths:4 | Entered Level 4 of the Depths
 72392 | Depths:4 | Noticed a juggernaut
 72399 | Depths:4 | Killed a juggernaut
 72546 | Depths:4 | Got the Compendium of the Lost Tables
 72583 | Depths:4 | Found a one-way gateway to a ziggurat.
 72700 | Depths:4 | Reached skill level 21 in Fighting
 72737 | Depths:4 | Found a gate to the Realm of Zot.
 73110 | Depths:4 | Reached skill level 15 in Invocations
 73378 | Depths:4 | Found Myett's Book Shop.
 73378 | Depths:4 | Found Suatunn's Jewellery Emporium.
 73379 | Depths:4 | Found Iheixuf's Jewellery Emporium.
 73385 | Depths:4 | Bought the amulet of Qekhuedgh {rPois rC+ Will+ Regen+
                  | rCorr} for 950 gold pieces
 73744 | D:6      | Bought a potion of might for 48 gold pieces
 73744 | D:6      | Bought a potion of might for 48 gold pieces
 73744 | D:6      | Bought a potion of might for 48 gold pieces
 73744 | D:6      | Bought a potion of lignification for 36 gold pieces
 73744 | D:6      | Bought a potion of mutation for 96 gold pieces
 73744 | D:6      | Bought a potion of lignification for 36 gold pieces
 74136 | Vaults:5 | Entered Level 5 of the Vaults
 74586 | Vaults:5 | Reached skill level 15 in Translocations
 74658 | Vaults:5 | Identified the +3 lajatang of the Vestibule of Hell
                  | {freeze, rElec}
 74696 | Vaults:5 | Got a silver rune of Zot
 74723 | Vaults:5 | Reached XP level 24. HP: 222/222 MP: 34/34
 74795 | Vaults:5 | Identified the amulet of Pouskok {Acrobat Fly rC- Dex+4}
 75015 | Vaults:5 | Identified the ring "Ovoxej" {rPois rF- rN+++ Int+6 Dex-5}
 75578 | Vaults:5 | Found the +3 pair of gauntlets of War {Slay+5}
 75831 | Vaults:5 | Identified the +6 plate armour of Diptu Zaf {rC+ Int+4
                  | Slay+2 Stlth+}
 77290 | Depths:3 | Voluntarily entered the Abyss.
 77318 | Abyss:6  | Got an abyssal rune of Zot
 77330 | Depths:3 | Escaped the Abyss
 77737 | Slime:1  | Entered Level 1 of the Pits of Slime
 78843 | Slime:2  | Gained mutation: You are frail. (-10% HP) [a shining eye]
 78845 | Slime:2  | Gained mutation: You occasionally shout uncontrollably at
                  | your foes. [a shining eye]
 78849 | Slime:2  | Lost mutation: You are frail. (-10% HP) [potion of
                  | mutation]
 78849 | Slime:2  | Lost mutation: You occasionally shout uncontrollably at
                  | your foes. [potion of mutation]
 78849 | Slime:2  | Gained mutation: You are frail. (-10% HP) [potion of
                  | mutation]
 78849 | Slime:2  | Gained mutation: You have a beak for a mouth. [potion of
                  | mutation]
 78849 | Slime:2  | Gained mutation: You are strong-willed. (Will+) [potion of
                  | mutation]
 78849 | Slime:2  | Gained mutation: You possess an exceptional clarity of
                  | mind. [potion of mutation]
 79172 | Slime:5  | Entered Level 5 of the Pits of Slime
 79247 | Slime:3  | HP: 5/203 [rockslime (36)]
 79604 | Slime:5  | Noticed the Royal Jelly
 79614 | Slime:5  | Killed the Royal Jelly
 80067 | Slime:4  | HP: 3/203 [acid blob[the Royal Jelly] (26)]
 80067 | Slime:4  | Splashed by an acid blob's acid

Illustrated notes

Levels and vault maps discovered:
D:1:      kb_arrival_jail, layout_basic, serial_shops, shop,
          chequers_ecumenical_altar_lobes, st_stairs_8
D:2:      wander_river, layout_rooms, basic_altar, serial_shops,
          nicolae_shop_window_shopping, shop, nicolae_diamond_shop
D:3:      layout_loops_ring
D:4:      layout_basic, jmf_multi_god_temple
D:5:      layout_layer_cave, minmay_temple_entry_glass, nicolae_shop_gadgets
D:6:      layout_loops_ring, serial_shops, shop, nicolae_shop_waterfront, shop,
          minmay_shop_grid_forest, uniq_menkaure, uniq_grinder
D:7:      layout_rooms
D:8:      layout_gridville, minmay_lair_entry_grove, serial_shops,
          nicolae_shop_stone, st_stairs_10, uniq_grum
D:9:      layout_roguey, orc_david_3
D:10:     layout_cave_pools, enter_trove_6, hangedman_tell_no_tales
D:11:     layout_basic, ploomutoo_gammafunk_ghost_potion_laboratory,
          eino_small_chamber_without_monster
D:12:     layout_irregular_city, serial_glass, glass_columns_a, glass_columns_b,
          nicolae_shop_sticking_my_neck_out
D:13:     layout_irregular_city, serial_shops, shop_fountains, shop, shop
D:14:     cheibrodos_leafed_vault, layout_layer_cave, erik_vaults_1,
          hellmonk_guarded_unrand_starlight, uniq_josephine, uniq_frances
D:15:     hangedman_depths_entry_try_elsewhere_first, layout_basic,
          hangedman_glass_teeth, uniq_jorgrun
Temple:   mainiacjoe_temple_cubbyholes
Lair:1:   layout_chaotic_city, gammafunk_ghost_icy,
          chequers_serial_rivers_room_b, beast_lair_carwin_7,
          serial_bayou_shore_a
Lair:2:   layout_concentric_octagons, swamp_mist_pool, gammafunk_ghost_ooze
Lair:3:   layout_regular_city, hellmonk_spider_entry_not_the_bees,
          grunt_megastairs_5
Lair:4:   layout_cellular_growth
Lair:5:   layout_regular_city, slime_entry_1, grunt_megastairs_3, uniq_urug
Lair:6:   due_jungle_book, layout_misc_corridors
Swamp:1:  layout_falls_marsh, evilmike_swamp_ruin_house_4
Swamp:2:  layout_falls_marsh, gammafunk_ghost_arena, hangedman_swamp_blocks,
          uniq_donald, uniq_louise
Swamp:3:  layout_basic_swamp, evilmike_swamp_ruin_house_5
Swamp:4:  swamp_old_school, layout_basic_swamp, infiniplex_staircase_pool
Spider:1: cheibrodos_forgotten_conduit, drop_trap
Spider:2: layout_spider_delve
Spider:3: layout_spider_delve
Spider:4: floodkiller_spider_rune_tomb, nicolae_spider_acid_house
Slime:1:  layout_caves
Slime:2:  layout_caves
Slime:3:  layout_caves
Slime:4:  layout_caves, special_room [special_room_jelly]
Slime:5
Orc:1:    layout_caves, nooodl_orcs_dogs
Orc:2:    st_orc_congregation, layout_caves, basic_altar
Elf:1:    layout_geoelf_diagonals, minmay_elf_crystal_hexagon,
          nicolae_rare_books, lemuel_upstairs_altar
Elf:2:    elven_hall_of_blades_hangedman_original
          [nicolae_blade_entry_diamond_columns], layout_geoelf_octagon,
          serial_shops, shop, nicolae_elf_variegated_diamond
Elf:3:    elf_hall, layout_gridlike
Vaults:1: hangedman_vaults_maws, nicolae_vaults_network_square,
          hangedman_vaults_cutoff, nicolae_vaults_little_squares_1,
          nicolae_vaults_little_squares_2, v_misc_32,
          ontoclasm_vaults_decontamination, v_misc_8, v_misc_17,
          hangedman_vaults_variations, vaults_room_corners,
          ontoclasm_vaults_ring_large, layout_vaults_maze
Vaults:2: nicolae_vaults_circle_grid_b, v_alt_pattern_3, v_rooms_2,
          v_alt_pattern_2, v_pattern_3, nicolae_vaults_mini_display_case,
          ontoclasm_vaults_misaligned, ontoclasm_vaults_gateway,
          dpeg_vaults_monster_box, vaults_dpeg_diagonal, v_alt_pattern_1,
          layout_vaults_big_room, serial_glass
Vaults:3: infiniplex_enter_wizlab_glasses, minmay_crypt_entry_simple_corners,
          v_alt_pattern_1, v_misc_27, v_rooms_6, v_misc_22,
          nicolae_vaults_hallways_thing, v_misc_2, ontoclasm_vaults_hangar,
          v_misc_30, vaults_mumra_minichess_inversion,
          nicolae_vaults_shelves_hall, nicolae_vaults_specimen_jars,
          vaults_mumra_hex, layout_vaults_omnigrid, serial_shops,
          nicolae_shop_bloodbath_and_beyond, shop_statue,
          nicolae_shop_statue_plus, shop_statue
Vaults:4: gammafunk_ghost_wrathful_warriors, v_misc_22, v_misc_16, v_misc_26,
          vaults_room_hangedman_quadrants, nicolae_vaults_big_ls,
          ontoclasm_vaults_ligature, vaults_room_pools, vaults_mumra_hexcomb,
          nicolae_vaults_little_squares_1, layout_vaults_big_cross
Vaults:5: serial_shops
Crypt:1:  layout_misc_corridors, grunt_crypt_arrival_webbed
Crypt:2:  layout_misc_corridors
Crypt:3:  david_glass_crypt, layout_rooms, nicolae_tomb_entry_rubble_hallway,
          basic_altar
Depths:1: layout_basic, grunt_mini_vestibule, nicolae_water_bricks,
          fountainhead, guppyfry_shop_earth, grunt_megastairs_2
Depths:2: kennysheep_scales, layout_cave_pools, grunt_hell_entry_dis_mu,
          gammafunk_ghost_arena, rand_demon_pan_entry_7, dk_noncrumbling_4,
          minmay_staircase_bubble
Depths:3: minmay_shrinking_squares, layout_gridlike, hell_entry,
          good_gods_mini_temple, abyss_entry, grunt_decor_cap, minmay_shoptagon,
          infiniplex_staircase_squiggle
Depths:4: grunt_zot_entry_pinwheel, layout_gridville, enter_ziggurat_c,
          grunt_pan_entry_sceptre, pf_dread_powers_of_hell,
          hangedman_decor_peaks_small, eino_tiny_chamber, minmay_shop_grove

Skill      XL: |  1  2  3  4  5  6  7  8  9 10 11 12 13 14 15 16 17 18 19 20 21 22 23 24 |
---------------+-------------------------------------------------------------------------+-----
Armour         | 3 4 5 6 7 8 9 10 11 12 13 14 | 14.4
Shields        | 3 4 5 6 7 8 9 10 11 12 13 14 15 16 | 16.3
Axes           | 3 4 5 6 8 10 11 12 13 14 15 16 17 18 19 20 | 20.5
Dodging        | 1 2 3 4 5 6 7 8 9 |  9.2
Fighting       | 4 5 6 7 8 9 11 12 13 14 15 17 18 19 20 21 | 21.9
Stealth        | 1 2 3 4 |  4.8
Invocations    | 2 5 7 8 10 12 13 14 15 | 15.8
Translocations | 2 4 5 6 8 9 10 11 13 15 16 | 16.7
Spellcasting   | 3 4 |  4.2
Evocations     | 1 |  1.1
Necromancy     | 2 5 7 8 9 10 11 12 13 | 13.6

Action                   |  1- 3 |  4- 6 |  7- 9 | 10-12 | 13-15 | 16-18 | 19-21 | 22-24 || total
-------------------------+-------+-------+-------+-------+-------+-------+-------+-------++-------
Melee: War axe           |    81 |    95 |   252 |   602 |  1176 |  1425 |  1066 |       ||  4697
       Tailslap          |     2 |    15 |    30 |   111 |   214 |   251 |   507 |   343 ||  1473
       Broad axe         |       |       |       |       |       |       |   598 |  1169 ||  1767
       Peck              |       |       |       |       |       |       |       |    25 ||    25
 Cast: Blink             |       |       |       |       |     1 |       |       |       ||     1
Invok: Minor Destruction |       |       |       |    27 |    55 |    29 |    11 |       ||   122
       Lesser Servant of |       |       |       |     6 |     9 |    13 |     4 |       ||    32
       Major Destruction |       |       |       |       |     6 |    46 |    18 |     1 ||    71
       Greater Servant o |       |       |       |       |     1 |     2 |     1 |     1 ||     5
 Abil: Rolling Charge    |     1 |    10 |    32 |    31 |    69 |    97 |   115 |   110 ||   465
Evoke: Wand              |       |       |     3 |     2 |    21 |     1 |       |       ||    27
       Phantom mirror    |       |       |       |       |       |       |       |     1 ||     1
  Use: Scroll            |     8 |     8 |     4 |     8 |    18 |     8 |     8 |     5 ||    67
       Potion            |       |       |       |     2 |     7 |     6 |     4 |    16 ||    35
 Stab: Invisible         |       |       |       |       |     1 |       |       |       ||     1
       Distracted        |       |       |       |       |     1 |     4 |     3 |    21 ||    29
       Confused          |       |       |       |       |       |     1 |       |       ||     1
       Paralysed         |       |       |       |       |       |     1 |       |       ||     1
       Sleeping          |       |       |       |       |       |     1 |     2 |    10 ||    13
Armor: Scale mail        |    43 |    68 |   155 |   378 |   775 |   597 |   718 |   397 ||  3131
       Chain mail        |       |       |       |       |       |   276 |       |       ||   276
Dodge: Dodged            |    24 |    30 |    32 |   164 |   259 |   319 |   327 |   175 ||  1330
       Repelled          |       |       |       |       |       |       |       |    13 ||    13
Block: Buckler           |     7 |       |       |       |       |       |       |       ||     7
       Kite shield       |    12 |    39 |   134 |   382 |   697 |   830 |   342 |       ||  2436
       Tower shield      |       |       |       |       |       |       |  1054 |   781 ||  1835
       Rpst.: War axe    |       |       |       |       |       |       |   210 |       ||   210
       Broad axe         |       |       |       |       |       |       |   161 |   218 ||   379

Table legend: (Time is in decaauts)
 A = Elapsed time spent in this place.
 B = Non-inter-level travel time spent in this place.
 C = Inter-level travel time spent in this place.
 D = Time resting spent in this place.
 E = Time spent auto-exploring this place.
 F = Levels seen in this place.
 G = Mean time per level.
                   A        B        C        D        E       F      G
               +--------+--------+--------+--------+--------+-----+--------+
         Total |  79986 |  64901 |  15085 |  16442 |  34660 |  58 | 1379.1 |
       Dungeon |  22018 |  17068 |   4950 |   3310 |  10755 |  15 | 1467.9 |
        Temple |    432 |    158 |    274 |      0 |    148 |   1 |  432.0 |
          Lair |   9994 |   8525 |   1469 |   1018 |   5999 |   6 | 1665.7 |
         Swamp |   5771 |   4819 |    952 |   1759 |   2077 |   4 | 1442.8 |
   Spider Nest |   8218 |   6538 |   1680 |   2683 |   2481 |   4 | 2054.5 |
    Slime Pits |   2310 |   2213 |     97 |    869 |    881 |   5 |  462.0 |
  Orcish Mines |   4624 |   3567 |   1057 |   1428 |   1391 |   2 | 2312.0 |
   Elven Halls |   7622 |   6161 |   1461 |   2378 |   2514 |   3 | 2540.7 |
        Vaults |   8776 |   7498 |   1278 |   1246 |   4152 |   5 | 1755.2 |
         Crypt |   4335 |   3460 |    875 |   1276 |   1263 |   3 | 1445.0 |
        Depths |   5557 |   4570 |    987 |    472 |   2997 |   4 | 1389.2 |
         Abyss |    323 |    323 |      0 |      0 |      0 |   6 |   53.8 |
               +--------+--------+--------+--------+--------+-----+--------+

Top non-repeatable levels by time:
   Elf:3: 3055 daAuts
     D:8: 2985 daAuts
   Elf:1: 2910 daAuts
    D:14: 2903 daAuts
Spider:3: 2627 daAuts
  Lair:6: 2461 daAuts
   Orc:1: 2360 daAuts
Spider:4: 2274 daAuts
   Orc:2: 2264 daAuts
Vaults:4: 2202 daAuts
 Crypt:2: 2164 daAuts
    D:11: 2065 daAuts
Vaults:1: 2050 daAuts
 Swamp:4: 1872 daAuts
  Lair:1: 1865 daAuts
